 Dungeon Crawl Stone Soup version 0.30-a0-341-g682706514a (webtiles) character file.

Game seed: 7290611501176845924

181 drewk1942 the Charlatan (level 5, 0/44 HPs)
             Began as a Gnoll Artificer on Nov 2, 2022.
             Was an Initiate of Ashenzari.
             Slain by Terence
             ... wielding a +0 flail
              (7 damage)
             ... on level 3 of the Dungeon.
             The game lasted 00:06:45 (2737 turns).

drewk1942 the Charlatan (Gnoll Artificer)           Turns: 2737, Time: 00:06:46

Health: 0/44       AC:  3    Str: 11    XL:     5   Next: 61%
Magic:  0/11       EV: 13    Int: 13    God:    Ashenzari [......]
Gold:   115        SH:  0    Dex: 12    Spells: 11/12 levels left

rFire   . . .      SeeInvis .    k - +0 dagger
rCold   . . .      Faith    .    (no shield)
rNeg    . . .      Spirit   +    b - +0 leather armour
rPois   .          Reflect  .    (no helmet)
rElec   .          Harm     .    (no cloak)
rCorr   .          Rampage  .    (no gloves)
Will    .....                    (no boots)
Stlth   +++.......               j - amulet of guardian spirit
HPRegen 0.27/turn                (no ring)
MPRegen 0.12/turn                (no ring)

@: brilliant
A: fangs 1, strong nose, distributed training
a: Renounce Religion


You were on level 3 of the Dungeon.
You worshipped Ashenzari.
Ashenzari was noncommittal.
You visited 1 branch of the dungeon, and saw 3 of its levels.

You collected 115 gold pieces.

Inventory:

Hand Weapons
 a - a +0 club
 g - a +0 short sword
 k - a +0 dagger (weapon)
Missiles
 l - 3 stones
Armour
 b - a +0 leather armour (worn)
Jewellery
 j - an amulet of guardian spirit (around neck)
Wands
 c - a wand of flame (34) (quivered)
 d - a wand of charming (15)
 e - a wand of iceblast (4)
Scrolls
 i - a scroll of poison {unknown}
 o - a scroll of identify {unknown}


   Skills:
 + Level 5.1 Fighting
 + Level 4.3 Short Blades
 + Level 4.3 Long Blades
 + Level 4.3 Axes
 + Level 4.3 Maces & Flails
 + Level 4.3 Polearms
 + Level 4.3 Staves
 + Level 4.3 Ranged Weapons
 + Level 4.3 Throwing
 + Level 6.3 Armour
 + Level 5.1 Dodging
 + Level 5.0 Stealth
 + Level 4.3 Shields
 + Level 4.3 Unarmed Combat
 + Level 4.3 Spellcasting
 + Level 3.5 Conjurations
 + Level 3.5 Hexes
 + Level 3.5 Summonings
 + Level 3.5 Necromancy
 + Level 3.5 Translocations
 + Level 3.5 Transmutations
 + Level 3.5 Fire Magic
 + Level 3.5 Ice Magic
 + Level 3.5 Air Magic
 + Level 3.5 Earth Magic
 + Level 3.5 Poison Magic
 + Level 4.7 Invocations
 + Level 7.9 Evocations


You had 11 spell levels left.
You knew the following spells:

 Your Spells              Type           Power      Damage    Failure   Level
a - Sandblast             Erth           36%        2d10      6%          1

Your spell library contained the following spells:

 Spells                   Type           Power      Damage    Failure   Level
 Kiss of Death            Conj/Necr      72%        2d10      6%          1
 Passwall                 Tmut/Erth      15%        N/A       9%          2
 Confusing Touch          Hex            18%        N/A       19%         3
 Ignite Poison            Fire/Tmut/Pois 18%        N/A       19%         3
 Kindle Blastsparks       Fire/Tloc/Air  36%        2d13      19%         3
 Stone Arrow              Conj/Erth      36%        3d9       19%         3
 Dispel Undead            Necr           18%        3d11      52%         4
 Freezing Cloud           Conj/Ice/Air   9%         6-21      86%         5


Dungeon Overview and Level Annotations

Branches:
Dungeon (3/15)

Altars:
Ashenzari
Hepliaklqana

Shops:
D:1 *

Annotations:
D:3 Terence


Innate Abilities, Weirdness & Mutations

You have very sharp teeth.
Your uncanny sense of smell can sniff out nearby items.
Your experience applies equally to all skills.


Message History

Your Fighting skill gained 3 levels and is now at level 5!
Your Short Blades skill gained 3 levels and is now at level 4!
Your Long Blades skill gained 3 levels and is now at level 4!
Your Axes skill gained 3 levels and is now at level 4!
Your Maces & Flails skill gained 3 levels and is now at level 4!
Your Polearms skill gained 3 levels and is now at level 4!
Your Staves skill gained 3 levels and is now at level 4!
Your Ranged Weapons skill gained 3 levels and is now at level 4!
Your Throwing skill gained 3 levels and is now at level 4!
Your Armour skill gained 2 levels and is now at level 6!
Your Dodging skill gained 3 levels and is now at level 5!
Your Stealth skill gained 3 levels and is now at level 5!
Your Shields skill gained 3 levels and is now at level 4!
Your Unarmed Combat skill gained 3 levels and is now at level 4!
Your Spellcasting skill gained 3 levels and is now at level 4!
Your Conjurations skill gained 2 levels and is now at level 3!
Your Hexes skill gained 2 levels and is now at level 3!
Your Summonings skill gained 2 levels and is now at level 3!
Your Necromancy skill gained 2 levels and is now at level 3!
Your Translocations skill gained 2 levels and is now at level 3!
Your Transmutations skill gained 2 levels and is now at level 3!
Your Fire Magic skill gained 2 levels and is now at level 3!
Your Ice Magic skill gained 2 levels and is now at level 3!
Your Air Magic skill gained 2 levels and is now at level 3!
Your Earth Magic skill gained 2 levels and is now at level 3!
Your Poison Magic skill gained 2 levels and is now at level 3!
Your Invocations skill gained 3 levels and is now at level 4!
Your Evocations skill increases to level 7!
You have reached level 5!
Terence misses you.
As you read the scroll labelled GOFAHE UGOEGEA, it crumbles to dust.
Your body is wracked with pain!
* * * LOW HITPOINT WARNING * * *
Terence convulses!
It was a scroll of torment.
Terence barely misses you.
As you read the scroll labelled RYVVEE XESOTE, it crumbles to dust.
You hear a loud clanging noise!
It was a scroll of noise.
You hear a shout!
You hear an angry hiss.
You hear a shout! x3
Terence hits you with a +0 flail!
You die...

...### #.....).... #....#
#.######### #.##...># #.# #.#
##..###### #.# ..# #.#....#
#.# ..#####.#....##
####'####### .....##.'....<#
#...........
#.##.####....#####.....######
#.##............@@...[.#
..#######.###..........# ###
#.# ####.......# #.#
##......# #.# #[.....# #.#
#........ #.# #####.###. #.#
... ##..


You could see Terence.

Vanquished Creatures
  3 adders
  A gnoll (D:3)
  A worm (D:2)
  3 dart slugs
  An orc (D:3)
  7 ball pythons
  3 endoplasms
  3 hobgoblins
  3 jackals (D:1)
  4 quokkas
  6 bats
  4 frilled lizards
  4 kobolds
  5 rats
48 creatures vanquished.

Notes
Turn   | Place    | Note
-------+----------+-------------------------------------------
     0 | D:1      | drewk1942 the Gnoll Artificer began the quest for the Orb.
     0 | D:1      | Reached XP level 1. HP: 17/17 MP: 1/1
   307 | D:1      | Reached XP level 2. HP: 23/23 MP: 2/2
   307 | D:1      | Found Cimuach's General Store.
  1100 | D:2      | Reached XP level 3. HP: 18/28 MP: 3/3
  1236 | D:2      | Learned a level 1 spell: Sandblast
  1604 | D:2      | Reached skill level 1 in Invocations
  1737 | D:2      | Reached skill level 1 in Short Blades
  1737 | D:2      | Reached skill level 1 in Long Blades
  1737 | D:2      | Reached skill level 1 in Axes
  1737 | D:2      | Reached skill level 1 in Maces & Flails
  1737 | D:2      | Reached skill level 1 in Polearms
  1737 | D:2      | Reached skill level 1 in Staves
  1737 | D:2      | Reached skill level 1 in Ranged Weapons
  1737 | D:2      | Reached skill level 1 in Throwing
  1737 | D:2      | Reached skill level 1 in Shields
  1737 | D:2      | Reached skill level 1 in Unarmed Combat
  1737 | D:2      | Reached skill level 1 in Spellcasting
  1811 | D:2      | Found a hazy altar of Hepliaklqana.
  2306 | D:2      | Reached XP level 4. HP: 8/34 MP: 1/5
  2481 | D:3      | Reached skill level 1 in Conjurations
  2481 | D:3      | Reached skill level 1 in Hexes
  2481 | D:3      | Reached skill level 1 in Summonings
  2481 | D:3      | Reached skill level 1 in Necromancy
  2481 | D:3      | Reached skill level 1 in Translocations
  2481 | D:3      | Reached skill level 1 in Transmutations
  2481 | D:3      | Reached skill level 1 in Fire Magic
  2481 | D:3      | Reached skill level 1 in Ice Magic
  2481 | D:3      | Reached skill level 1 in Air Magic
  2481 | D:3      | Reached skill level 1 in Earth Magic
  2481 | D:3      | Reached skill level 1 in Poison Magic
  2528 | D:3      | Found a broken altar of Ashenzari.
  2638 | D:3      | Became a worshipper of Ashenzari the Shackled
  2715 | D:3      | Noticed Terence
  2735 | D:3      | Reached skill level 5 in Fighting
  2735 | D:3      | Reached skill level 5 in Dodging
  2735 | D:3      | Reached skill level 5 in Stealth
  2735 | D:3      | Reached skill level 7 in Evocations
  2735 | D:3      | Reached XP level 5. HP: 10/44 MP: 1/11
  2737 | D:3      | Slain by Terence

Illustrated notes

Levels and vault maps discovered:
D:1:      dpeg_arrival_boxorama, layout_basic, serial_shops,
          nicolae_shop_statue_plus, hex_large, chequers_decorated_corner
D:2:      layout_loops_corners, basic_altar
D:3:      layout_basic, mainiacjoe_overflow_brackets, lemuel_round_altar,
          uniq_terence

Skill      XL: |  1  2  3  4 |
---------------+-------------+-----
Invocations    | 1 4 |  4.7
Short Blades   | 1 4 |  4.3
Long Blades    | 1 4 |  4.3
Axes           | 1 4 |  4.3
Maces & Flails | 1 4 |  4.3
Polearms       | 1 4 |  4.3
Staves         | 1 4 |  4.3
Ranged Weapons | 1 4 |  4.3
Throwing       | 1 4 |  4.3
Shields        | 1 4 |  4.3
Unarmed Combat | 1 4 |  4.3
Spellcasting   | 1 4 |  4.3
Conjurations   | 3 |  3.5
Hexes          | 3 |  3.5
Summonings     | 3 |  3.5
Necromancy     | 3 |  3.5
Translocations | 3 |  3.5
Transmutations | 3 |  3.5
Fire Magic     | 3 |  3.5
Ice Magic      | 3 |  3.5
Air Magic      | 3 |  3.5
Earth Magic    | 3 |  3.5
Poison Magic   | 3 |  3.5
Fighting       | 5 |  5.1
Armour         | 6 |  6.3
Dodging        | 5 |  5.1
Stealth        | 5 |  5.0
Evocations     | 7 |  7.9

Action                   |  1- 3 |  4- 6 || total
-------------------------+-------+-------++-------
Melee: Club              |     8 |       ||     8
       Short sword       |    39 |       ||    39
       Bite              |    21 |     5 ||    26
       Dagger            |   120 |    34 ||   154
       Punch             |     3 |       ||     3
 Cast: Sandblast         |    10 |    10 ||    20
Evoke: Wand              |     2 |       ||     2
  Use: Scroll            |     1 |     2 ||     3
       Potion            |     3 |     2 ||     5
 Stab: Sleeping          |    16 |       ||    16
Armor: Leather armour    |    21 |    17 ||    38
Dodge: Dodged            |   101 |    45 ||   146

Table legend: (Time is in decaauts)
 A = Elapsed time spent in this place.
 B = Non-inter-level travel time spent in this place.
 C = Inter-level travel time spent in this place.
 D = Time resting spent in this place.
 E = Time spent auto-exploring this place.
 F = Levels seen in this place.
 G = Mean time per level.
                   A        B        C        D        E       F      G
               +--------+--------+--------+--------+--------+-----+--------+
         Total |   2741 |   2690 |     51 |      0 |   2171 |   3 |  913.7 |
       Dungeon |   2741 |   2690 |     51 |      0 |   2171 |   3 |  913.7 |
               +--------+--------+--------+--------+--------+-----+--------+

Top non-repeatable levels by time:
     D:2: 1284 daAuts
     D:1: 1059 daAuts
     D:3: 396 daAuts
